Map: 블루시프트 - 래더

Players

aLive

  • Race: Terran Terran
  • League: Grandmaster
  • Spawn Location: 7:00

TYTY (TY) - Winner!

  • Race: Terran Terran
  • League: Master
  • Spawn Location: 1:00

Event: IEM Season 13 - Katowice Server Qualifiers Asia 2

VOD

Have the link to the VOD?

Description

Time

  • Played on: Jan. 22, 2019, 5:19 a.m.
  • Length: 20:49

All games in this series

Show
View Real Time Build Order
Export as new Build Order

aLive Terran 

Build Orders: Gas First Reaper Expand 

Get SALT Encoding   

  12  0:00  SCV  
  13  0:12  SCV  
  14  0:16  Supply Depot  
  14  0:25  SCV  
  14  0:28  Refinery  
  15  0:38  SCV  
  16  0:43  Barracks  
  16  0:50  SCV  
  17  1:02  SCV  
  18  1:14  SCV  
  19  1:30  Reaper, Orbital Command  
  20  1:44  Command Center  
  20  1:53  Factory  
  20  1:57  SCV  
  21  2:02  Refinery  
  21  2:05  Barracks Reactor  
  21  2:09  SCV  
  22  2:16  Supply Depot  
  22  2:21  SCV  
  23  2:37  SCV  
  24  2:49  SCV, Hellion  
  24  2:50  Hellion  
  29  2:56  Starport  
  29  3:02  SCV  
  28  3:14  SCV  
  28  3:17  Factory Tech Lab, Orbital Command  
  28  3:19  Marine x2  
  31  3:26  SCV  
  32  3:36  Marine, Cyclone  
  32  3:37  Marine, Refinery  
  32  3:38  SCV  
  32  3:39  Starport Tech Lab  
  38  3:43  SCV  
  38  3:44  Supply Depot  
  39  3:50  SCV  
  40  3:55  SCV  
  40  3:57  Marine x2  
  40  3:58  Raven  
  45  4:04  SCV  
  45  4:08  Siege Tank, Supply Depot  
  49  4:15  SCV  
  49  4:16  SCV  
  50  4:21  Marine x2  
  52  4:28  SCV x2, Supply Depot  
  54  4:40  SCV x2  
  54  4:43  Marine x2  
  54  4:44  Raven  
  60  4:52  SCV x2, Supply Depot  
  61  4:59  Siege Tank  
  65  5:01  Marine x2  
  65  5:04  SCV  
  65  5:05  SCV  
  69  5:10  Supply Depot  
  61  5:25  SCV x2  
  64  5:31  Siege Tank  
  64  5:37  SCV x2  
  66  5:44  Marine, Viking x2, Stimpack  
  66  5:49  SCV  
  73  5:50  SCV  
  70  5:59  Refinery  
  70  6:01  SCV  
  70  6:02  SCV  
  70  6:03  Supply Depot  
  72  6:05  Marine  
  76  6:15  Viking x2  
  77  6:18  SCV  
  77  6:19  SCV  
  77  6:29  Command Center  
  77  6:30  SCV  
  77  6:31  SCV  
  79  6:33  Liberator  
  79  6:36  Barracks  
  79  6:37  Barracks  
  79  6:39  Marine, Siege Tank, Engineering Bay x2  
  83  6:43  SCV x2  
  85  6:50  Viking  
  90  6:55  SCV x2  
  92  7:04  Barracks  
  92  7:06  Barracks  
  92  7:07  SCV  
  92  7:10  Terran Infantry Armor Level 1, Terran Infantry Weapons Level 1  
  92  7:16  Marine  
  92  7:17  SCV  
  94  7:28  Supply Depot  
  94  7:29  Supply Depot  
  94  7:31  Supply Depot  
  94  7:32  Barracks Reactor x2  
  94  7:41  Marine, SCV x2, Siege Tank  
  100  7:49  Combat Shield  
  100  7:53  SCV x2  
  100  7:54  Refinery x2  
  97  8:00  Marine  
  97  8:02  Barracks Reactor x2  
  97  8:05  SCV x2, Medivac x2  
  99  8:14  Marine x4  
  99  8:17  SCV x2  
  99  8:18  Marine  
  98  8:21  Orbital Command  
  98  8:24  Siege Tank  
  98  8:29  SCV x2  
  98  8:32  Marine x4  
  104  8:35  Armory  
  104  8:36  Marine, Supply Depot  
  104  8:39  Marine x4  
  109  8:41  Medivac  
  109  8:42  SCV x2, Medivac  
  109  8:47  SCV  
  116  8:49  Sensor Tower  
  116  8:54  SCV x2  
  118  8:56  Factory  
  118  8:58  Siege Tank  
  121  9:03  Marine x5  
  121  9:04  Marine x4  
  127  9:28  Marine x8  
  127  9:29  Marine  
  127  9:30  Terran Infantry Weapons Level 2  
  136  9:31  Terran Infantry Armor Level 2  
  136  9:34  Terran Vehicle Weapons Level 1  
  136  9:41  Command Center  
  136  9:44  Factory Tech Lab  
  136  9:45  Supply Depot x3  
  136  9:47  Supply Depot  
  136  9:52  Missile Turret x2  
  136  9:55  Missile Turret  
  136  9:59  Viking x2  
  140  10:05  SCV  
  140  10:07  SCV x2, Siege Tank  
  145  10:25  Starport  
  145  10:26  Marine x9, Starport  
  145  10:27  Refinery x2  
  154  10:28  Siege Tank  
  154  10:35  Viking x2  
  159  10:43  Sensor Tower  
  159  10:54  Planetary Fortress  
  156  11:06  Starport Reactor, Starport Tech Lab  
  156  11:07  Viking x2  
  156  11:08  Siege Tank x2  
  166  11:12  Supply Depot  
  166  11:13  Supply Depot  
  166  11:19  Missile Turret  
  166  11:22  Command Center  
  166  11:33  Raven, Terran Vehicle Weapons Level 2  
  166  11:37  Marine  
  166  11:38  Marine x7  
  166  11:39  Marine  
  177  11:40  Viking  
  177  11:41  Viking  
  181  11:52  Terran Infantry Weapons Level 3, Terran Infantry Armor Level 3  
  181  11:58  Marine x2  
  181  11:59  Marine x7  
  190  12:12  Viking x4  
  193  12:20  Siege Tank x2  
  194  12:24  Marine x5  
  194  12:25  Marine  
  197  12:45  Marine  
  197  12:46  Marine x2  
  190  13:01  Siege Tank  
  190  13:02  Raven, Viking x3, Siege Tank  
  190  13:04  Planetary Fortress  
  199  13:13  Marine  
  199  13:14  Liberator  
  199  13:15  Liberator x2  
  197  13:23  Marine x8  
  197  13:24  Refinery  
  192  13:27  Refinery  
  192  13:30  Barracks x2  
  192  13:31  Marine, Barracks  
  198  13:42  Marine  
  198  13:43  Marine x7  
  185  13:50  Terran Vehicle And Ship Armor Level 1  
  185  13:55  Marine  
  186  13:56  Siege Tank x2  
  186  14:00  Marine x3  
  186  14:01  Marine x4  
  160  14:16  Raven, Medivac x4  
  170  14:20  Starport x2  
  170  14:33  Marine x4  
  170  14:34  Marine x4  
  170  14:35  Barracks Reactor x3  
  170  14:37  Sensor Tower  
  178  14:44  Marine  
  179  14:46  Siege Tank  
  179  14:49  Command Center  
  179  14:51  Marine x7  
  179  14:52  Marine  
  190  14:59  Raven  
  192  15:02  Marine  
  192  15:04  Starport Reactor, Starport Tech Lab  
  192  15:06  Corvid Reactor  
  193  15:07  Viking  
  193  15:08  Viking x2  
  196  15:17  Command Center  
  199  15:31  Siege Tank x2  
  179  15:36  Marine x10  
  179  15:39  Viking  
  179  15:40  Viking x2  
  179  15:59  Marine  
  179  16:00  Marine x8  
  168  16:15  Raven x2  
  172  16:35  Marine x2  
  172  16:37  Viking  
  172  16:38  Viking  
  176  17:01  Planetary Fortress  
  152  17:15  Marine  
  152  17:16  Marine x12  
  130  17:23  Raven x2  
  134  17:41  Marine x9  
  134  17:42  Marine x3  
  134  17:43  Marine x2  
  148  17:44  Marine  
  149  17:58  Siege Tank  
  152  17:59  Marine, Siege Tank  
  153  18:16  Marine x9  
  147  18:32  Raven  
  147  18:33  Raven  
  151  18:39  Marine  
  151  18:40  Marine x5  
  150  19:03  Marine x13  
  150  19:04  Marine  
  151  19:21  Medivac  
  151  19:22  Viking x3, Raven x2, Medivac  
  163  19:27  SCV x2  
  163  19:28  SCV  
  166  19:48  Marine x13  
  166  19:50  Marine  
  157  20:10  Marine  
  157  20:11  Marine x9  
  158  20:15  Marine  
  159  20:22  Marine x4  
  163  20:28  Marine  
Show
View Real Time Build Order
Export as new Build Order

TYTY Terran - Winner!

Build Orders:  

Get SALT Encoding   

  12  0:00  SCV  
  13  0:12  SCV  
  14  0:18  Supply Depot  
  14  0:24  SCV  
  15  0:29  Refinery  
  15  0:39  SCV  
  16  0:44  Barracks  
  16  0:51  SCV  
  16  0:55  Refinery  
  17  1:03  SCV  
  18  1:15  SCV  
  19  1:31  Orbital Command  
  19  1:32  Factory  
  19  1:36  Reaper  
  20  1:53  Supply Depot  
  20  1:57  SCV  
  21  2:08  Reaper  
  22  2:09  SCV  
  23  2:16  Hellion  
  23  2:21  SCV  
  28  2:45  Command Center, Barracks Reactor  
  28  2:48  SCV  
  28  2:50  Starport  
  27  2:51  Factory Tech Lab  
  27  3:00  SCV  
  28  3:07  Supply Depot  
  28  3:11  Cyclone  
  31  3:17  Supply Depot  
  31  3:29  Marine, Viking, SCV  
  31  3:30  Marine  
  36  3:41  SCV  
  36  3:43  Cyclone  
  36  3:47  Marine  
  36  3:48  Marine  
  41  3:53  SCV  
  43  3:57  Orbital Command  
  43  4:02  Medivac  
  45  4:06  Marine  
  46  4:15  Marine  
  46  4:17  Siege Tank  
  45  4:18  SCV  
  44  4:24  SCV  
  44  4:26  Marine  
  44  4:30  SCV  
  47  4:32  Refinery  
  47  4:33  Marine  
  47  4:38  SCV  
  49  4:42  SCV  
  49  4:43  Marine  
  51  4:46  Supply Depot  
  51  4:50  Marine, SCV  
  53  4:54  SCV  
  53  4:56  Raven  
  53  4:59  Factory Tech Lab  
  56  5:01  Marine  
  56  5:02  SCV  
  57  5:08  Marine  
  57  5:11  SCV  
  59  5:18  Siege Tank  
  59  5:19  Marine  
  55  5:24  SCV  
  55  5:26  Marine  
  55  5:28  SCV  
  56  5:35  Command Center  
  56  5:37  Marine  
  56  5:38  SCV  
  56  5:39  Raven  
  56  5:40  Supply Depot  
  60  5:44  Marine  
  60  5:46  SCV  
  62  5:50  SCV  
  62  5:53  Refinery  
  62  5:54  Siege Tank  
  62  5:55  Marine  
  67  5:58  SCV  
  67  6:02  Marine, SCV  
  70  6:10  SCV  
  71  6:12  Supply Depot  
  71  6:15  SCV  
  73  6:24  SCV  
  73  6:28  Marine, Viking x2  
  73  6:32  Supply Depot  
  78  6:34  Supply Depot, Stimpack  
  78  6:38  Siege Tank  
  78  6:39  SCV x2  
  83  6:46  Marine  
  84  6:50  Orbital Command  
  84  6:51  SCV x2  
  84  6:52  Engineering Bay x2  
  86  6:58  Viking x2  
  90  7:03  SCV  
  90  7:04  Marine  
  89  7:10  Siege Tank  
  89  7:11  Orbital Command  
  89  7:13  SCV  
  93  7:21  Marine  
  94  7:23  SCV  
  94  7:28  Missile Turret  
  94  7:30  Viking x2  
  94  7:34  SCV  
  99  7:39  Marine  
  99  7:40  SCV x2  
  101  7:44  Siege Tank  
  101  7:47  Missile Turret, SCV  
  105  7:52  SCV  
  105  7:54  SCV  
  105  7:57  Marine  
  106  7:59  Liberator x2, SCV  
  106  8:05  SCV  
  112  8:06  SCV  
  111  8:15  Marine  
  111  8:19  SCV x2, Siege Tank  
  113  8:26  Barracks x2  
  113  8:27  Barracks, Missile Turret, SCV, Supply Depot  
  114  8:28  Supply Depot  
  114  8:29  Refinery  
  114  8:30  Barracks  
  114  8:31  Refinery  
  114  8:33  Marine  
  115  8:35  SCV x2  
  117  8:41  Combat Shield  
  117  8:43  Terran Infantry Weapons Level 1  
  117  8:44  Terran Infantry Armor Level 1  
  117  8:48  SCV  
  117  8:49  SCV  
  117  8:52  Marine  
  119  8:56  SCV  
  119  9:00  SCV  
  119  9:01  Medivac  
  119  9:02  Supply Depot  
  122  9:03  SCV  
  123  9:10  Marine, Medivac  
  123  9:11  SCV  
  123  9:12  SCV  
  123  9:16  Barracks Reactor  
  126  9:18  SCV  
  126  9:19  Missile Turret, Barracks Reactor  
  126  9:22  Barracks Reactor  
  126  9:23  SCV  
  126  9:24  Supply Depot  
  128  9:25  Command Center  
  128  9:27  Barracks Reactor  
  128  9:28  Marine  
  129  9:33  Medivac  
  131  9:41  Sensor Tower  
  131  9:44  Supply Depot x2  
  131  9:45  Supply Depot  
  134  9:46  Marine  
  134  9:48  Siege Tank  
  138  9:53  Marine x2  
  138  9:56  Marine x2  
  138  9:58  Medivac  
  141  10:03  Marine x4  
  141  10:05  Marine, Medivac  
  148  10:11  Armory, Marine x2  
  150  10:14  Marine x2  
  150  10:17  Command Center  
  150  10:20  Siege Tank  
  150  10:21  Marine x4  
  153  10:23  Marine  
  158  10:29  Marine x2  
  158  10:32  Marine x2  
  158  10:33  Factory  
  163  10:35  SCV x3  
  163  10:39  Marine x4  
  163  10:41  Marine  
  169  10:47  Marine x2  
  169  10:48  SCV x2  
  171  10:50  Marine x2  
  171  10:52  Siege Tank  
  171  10:57  Marine x3  
  183  11:06  Marine x2  
  183  11:10  Missile Turret  
  183  11:11  SCV x3  
  187  11:12  Refinery  
  187  11:13  Refinery  
  187  11:14  Planetary Fortress  
  187  11:17  Missile Turret  
  188  11:20  Marine, Terran Infantry Weapons Level 2, Terran Infantry Armor Level 2  
  188  11:23  Factory Tech Lab  
  188  11:24  Supply Depot x2  
  188  11:25  Marine x3, Viking  
  187  11:27  Marine  
  187  11:29  Marine x2, Viking  
  191  11:33  SCV x3  
  191  11:39  Starport  
  193  11:40  Terran Vehicle Weapons Level 1  
  194  11:55  Viking  
  194  11:58  Marine  
  200  12:03  Viking  
  200  12:08  Starport  
  196  12:10  SCV x2  
  193  12:17  SCV, Sensor Tower  
  193  12:19  Starport Tech Lab  
  193  12:21  Siege Tank x2  
  185  12:58  Marine x2  
  185  13:01  Viking  
  185  13:02  Planetary Fortress, SCV x2  
  185  13:04  Marine x7, Viking  
  194  13:07  Raven  
  194  13:10  Starport Tech Lab  
  194  13:12  Refinery  
  196  13:13  Refinery  
  196  13:16  Marine x2  
  199  13:22  Marine  
  199  13:26  Liberator x2  
  200  13:32  Raven  
  200  13:33  Corvid Reactor  
  192  13:35  Starport  
  192  13:36  Terran Ship Weapons Level 1, Starport  
  192  13:38  Armory, Terran Infantry Weapons Level 3, Terran Infantry Armor Level 3  
  192  13:39  Barracks  
  192  13:40  Barracks  
  181  13:50  Raven  
  181  13:52  Siege Tank  
  183  13:58  Liberator  
  180  14:03  Marine x3  
  180  14:06  Marine x4  
  180  14:08  SCV x3  
  174  14:11  Refinery  
  174  14:12  Missile Turret  
  177  14:19  SCV  
  177  14:20  SCV x2  
  177  14:21  Command Center  
  177  14:22  Command Center x2, Missile Turret, Starport Tech Lab  
  177  14:23  Command Center  
  181  14:27  Starport Tech Lab  
  181  14:28  Barracks Reactor x2  
  180  14:32  Viking x2  
  180  14:33  Raven  
  186  14:43  Marine x6, Terran Vehicle And Ship Armor Level 1  
  192  14:48  Raven  
  192  14:49  Raven  
  196  14:54  Marine x3  
  199  15:01  Marine  
  197  15:09  Sensor Tower  
  197  15:11  Raven  
  197  15:13  Marine x2  
  200  15:27  Siege Tank  
  200  15:28  Liberator x2, Siege Tank  
  180  15:36  Marine x4  
  180  15:37  Orbital Command x2  
  179  15:58  SCV  
  179  15:59  SCV, Siege Tank, Orbital Command  
  179  16:00  Siege Tank  
  185  16:10  Marine x2  
  185  16:11  Marine x2  
  195  16:25  Raven x2  
  190  16:26  Planetary Fortress  
  190  16:31  Marine x5  
  190  16:32  Siege Tank  
  198  16:36  Viking  
  198  16:39  Fusion Core  
  197  17:03  Missile Turret  
  197  17:04  Liberator  
  197  17:05  Liberator x2  
  195  17:09  Command Center  
  169  17:24  Marine x6  
  169  17:25  Siege Tank x2  
  181  17:32  Advanced Ballistics  
  181  17:34  SCV x2  
  189  17:41  Marine x3  
  192  17:46  Refinery  
  192  17:47  Refinery  
  192  17:49  Command Center  
  192  17:51  Missile Turret  
  198  18:00  Battlecruiser  
  198  18:04  Terran Ship Weapons Level 2, Terran Vehicle And Ship Armor Level 2  
  182  18:21  Battlecruiser x2  
  182  18:22  Marine x5  
  193  18:29  Marine x4  
  194  18:41  Battlecruiser  
  200  18:58  Orbital Command  
  194  19:07  Orbital Command  
  180  19:21  Marine x5, Battlecruiser  
  180  19:22  Marine  
  192  19:26  Battlecruiser  
  192  19:27  Planetary Fortress  
  192  19:28  Marine x2  
  200  19:41  Marine  
  200  19:45  Marine  
  200  19:52  SCV  
  200  20:00  Marine x2  
  200  20:01  Marine x2  
  183  20:07  Marine x4  
  183  20:09  Marine x4  
  183  20:10  SCV x2  
  183  20:11  SCV x2  
  186  20:26  Marine x2  
  192  20:42  Refinery  
  195  20:43  Sensor Tower  
  195  20:45  Refinery  

Tags
 
Add a new tag
Caveats
  • Supply blocks, unpowered buildings, or Contaminate may cause inaccurate times.
  • Supply counts are checked every 10 seconds.